 Dungeon Crawl Stone Soup version 0.23.2-1-ga50397a (webtiles) character file.

Game seed: 9391611604400949452

2263 Briareos the Infuser (level 9, -4/67 HPs)
             Began as a Pale Draconian Air Elementalist on Apr 17, 2019.
             Slain by a yak (8 damage)
             ... on level 6 of the Dungeon on Apr 19, 2019.
             The game lasted 01:20:21 (8701 turns).

Briareos the Infuser (DrAE)                         Turns: 8701, Time: 01:20:22

Health: -4/67      AC: 10    Str: 11    XL:     9   Next: 15%
Magic:  9/14       EV: 12    Int: 19    God:
Gold:   360        SH:  0    Dex: 11    Spells: 3/15 levels left

rFire    . . .     SeeInvis .   m - +2 quarterstaff (chaos)
rCold    . . .     Gourm    .   (shield currently unavailable)
rNeg     . . .     Faith    .   (armour unavailable)
rPois    .         Spirit   .   (helmet restricted)
rElec    .         Reflect  .   A - +2 cloak
rCorr    .         Harm     .   (no gloves)
MR       .....                  (no boots)
Stlth    ++........             (no amulet)
HPRegen  0.21/turn              (no ring)
MPRegen  0.14/turn              (no ring)

@: about to teleport
A: breathe steam, unfitting armour, cold-blooded, AC +7
a: Breathe Steam


You were on level 6 of the Dungeon.
You were hungry.

You visited 1 branch of the dungeon, and saw 6 of its levels.

You collected 360 gold pieces.

Inventory:

Hand Weapons
 d - a +0 dagger
 f - a +0 spear
 g - a +0 dagger
 h - a +0 club
 i - a +0 dagger of speed
 j - a +0 hunting sling
 m - a +2 quarterstaff of chaos (weapon)
 n - a +2 dagger of venom
 t - a +4 flail of protection
 v - a +0 hand axe
 w - a +0 great mace
 B - a cursed -1 shortbow
 C - a +0 war axe
Missiles
 c - 177 stones (quivered)
 k - 25 poisoned needles
 r - 8 tomahawks
 u - 31 bolts
 z - 58 arrows
Armour
 a - a +0 robe
 e - a +0 robe
 l - a +2 helmet of intelligence
 o - a +1 cloak
 x - a +0 cloak
 A - a +2 cloak (worn)
Scrolls
 q - a scroll of teleportation
 s - 2 scrolls of identify
 y - 2 scrolls of enchant armour
Comestibles
 b - 6 rations
 p - 6 chunks of flesh


   Skills:
 - Level 1.8 Fighting
 - Level 0.7 Short Blades
 - Level 0.4 Staves
 - Level 1.8 Slings
 - Level 2.5 Dodging
 - Level 2.4 Stealth
 - Level 0.5 Unarmed Combat
 - Level 3.7 Spellcasting
 - Level 2.0 Conjurations
 + Level 9.1 Charms
 - Level 4.9 Air Magic


You had 3 spell levels left.
You knew the following spells:

 Your Spells              Type           Power        Failure   Level  Hunger
a - Shock                 Conj/Air       ###.         3%          1    None
b - Swiftness             Chrm/Air       ####....     1%          2    ##.....
c - Airstrike             Air            ###.......   19%         4    ####...
d - Lightning Bolt        Conj/Air       ###.......   67%         5    ######.

Your spell library contained the following spells:

 Spells                   Type           Power        Failure   Level  Hunger
 Static Discharge         Conj/Air       ###.....     10%         3    ###....


Dungeon Overview and Level Annotations

Branches:
Dungeon (6/15)
 Temple: D:4-7

Altars:
Zin
The Shining One

Shops:
D:4 (

Annotations:
D:3 3 runed translucent doors, havocjr3's ghost, amateur GnGl


Innate Abilities, Weirdness & Mutations

You can breathe blasts of scalding, opaque steam.
Your pale cyan-grey scales are hard. (AC +7)
You cannot fit into any form of body armour.
You are cold-blooded and may be slowed by cold attacks.


Message History

The yak gores you but does no damage.
Casting: Shock (safe; 3% risk of failure)
Confirm with . or Enter, or press ? or * to list all spells.
Aiming: Shock (safe; 3% risk of failure)
Press: ? - help, Shift-Dir - straight line, f/p - yak
Aim: a yak (lightly wounded)
Okay, then.
Casting: Shock (safe; 3% risk of failure)
Confirm with . or Enter, or press ? or * to list all spells.
Aiming: Airstrike (slightly dangerous; 19% risk of failure)
Press: ? - help, Dir - move target cursor, f/p - yak
Aim: a yak (lightly wounded)
The air twists around and strikes the yak!
The yak is moderately wounded.
The yak gores you!
* * * LOW HITPOINT WARNING * * *
You aren't carrying any potions.
As you read the scroll of teleportation, it crumbles to dust.
You feel strangely unstable. The yak gores you!
You die...

#.#####...###..# #...Y.$.o
#.........#....#####.##....Y.#
#######..............##Y#?####
#.###.#.#########Y# # #.#
#.#.#########.# ..#
#.#..........># #...#
#.##########..#
#...###.##########..# .#
#.....<...@Y(((.....# .# #
#..####..########..## .# .#
#..# #..... .##.# #..####รท.#
#.##### ....< .........# #.#
.... #######.## #.. .# #.# ###
.# #.# .############.#


You could see a yak.

Vanquished Creatures
  5 yaks (D:6)
  Edmund (D:5)
  A sky beast (D:6)
  An ice beast (D:5)
  A centaur (D:6)
  3 ogres (D:5)
  A scorpion (D:4)
  A crimson imp (D:5)
  3 orc priests
  Crazy Yiuf (D:2)
  A centaur skeleton (D:5)
  A hound (D:5)
  A gnoll shaman (D:4)
  An iguana (D:4)
  4 orc wizards
  Natasha (twice) (D:2)
  A worker ant zombie (D:4)
  Robin (D:2)
  7 gnolls
  13 adders
  8 river rats (D:5)
  2 oozes
  6 worms
  4 dart slugs
  8 leopard geckos
  15 orcs
  3 giant cockroaches
  20 goblins
  8 hobgoblins
  8 jackals
  8 kobolds
  7 quokkas
  3 ball pythons
  9 bats
  4 frilled lizards
  A leopard gecko zombie (D:5)
  2 quokka skeletons (D:4)
  31 rats
197 creatures vanquished.

Vanquished Creatures (others)
  A ball lightning (D:4)
1 creature vanquished.

Grand Total: 198 creatures vanquished

Notes
Turn   | Place    | Note
-------+----------+-------------------------------------------
     0 | D:1      | Briareos the Draconian Air Elementalist began the quest for
                  | the Orb.
     0 | D:1      | Reached XP level 1. HP: 14/14 MP: 3/3
   247 | D:1      | Found a glowing golden altar of the Shining One.
   275 | D:1      | Reached XP level 2. HP: 17/20 MP: 0/5
   909 | D:1      | Reached XP level 3. HP: 26/26 MP: 4/6
   930 | D:1      | Learned a level 2 spell: Swiftness
  1577 | D:2      | Reached XP level 4. HP: 34/34 MP: 0/7
  1583 | D:2      | Learned a level 4 spell: Airstrike
  1822 | D:2      | Reached skill level 1 in Fighting
  2329 | D:2      | Reached XP level 5. HP: 36/40 MP: 7/9
  2389 | D:2      | Found a runed translucent door.
  2390 | D:2      | Noticed Crazy Yiuf
  2576 | D:2      | Reached skill level 1 in Slings
  2641 | D:2      | Noticed Robin
  2762 | D:2      | Killed Robin
  3161 | D:2      | Found a glowing silver altar of Zin.
  3236 | D:2      | Noticed Natasha
  3238 | D:2      | Killed Natasha
  3809 | D:2      | Noticed Natasha
  3817 | D:2      | Killed Natasha
  3926 | D:2      | Killed Crazy Yiuf
  3926 | D:2      | Reached XP level 6. HP: 8/47 MP: 6/11
  5450 | D:3      | Found a runed translucent gate.
  5451 | D:3      | Found a runed translucent gate.
  5452 | D:3      | Found a runed translucent gate.
  5458 | D:3      | Noticed havocjr3's ghost (amateur GnGl)
  5818 | D:4      | Learned a level 5 spell: Lightning Bolt
  5907 | D:4      | Reached skill level 1 in Charms
  6058 | D:4      | Your scales start taking on a pale cyan-grey colour.
  6058 | D:4      | Reached XP level 7. HP: 47/53 MP: 3/12
  6130 | D:4      | Reached skill level 2 in Charms
  6599 | D:4      | Found Delan's Antique Weapon Shoppe.
  6831 | D:5      | Entered Level 5 of the Dungeon
  6833 | D:5      | Reached skill level 3 in Charms
  7169 | D:5      | Reached skill level 4 in Charms
  7598 | D:5      | Noticed Edmund
  7666 | D:5      | Killed Edmund
  7666 | D:5      | Reached skill level 5 in Charms
  7819 | D:5      | Reached XP level 8. HP: 61/61 MP: 11/13
  7912 | D:5      | Reached skill level 6 in Charms
  8390 | D:6      | Reached skill level 7 in Charms
  8687 | D:6      | Reached skill level 8 in Charms
  8690 | D:6      | Reached XP level 9. HP: 26/67 MP: 12/14
  8697 | D:6      | Reached skill level 9 in Charms
  8701 | D:6      | Slain by a yak

Skill      XL: |  1  2  3  4  5  6  7  8  9 |
---------------+----------------------------+-----
Dodging        | 2 |  2.5
Stealth        | 2 |  2.4
Fighting       | 1 |  1.8
Slings         | 1 |  1.8
Spellcasting   | 3 |  3.7
Air Magic      | 4 |  4.9
Conjurations   | 2 |  2.0
Charms         | 1 5 8 9 |  9.1
Short Blades   | |  0.7
Staves         | |  0.4
Unarmed Combat | |  0.5

Action                   |  1- 3 |  4- 6 |  7- 9 || total
-------------------------+-------+-------+-------++-------
Melee: Unarmed           |    25 |       |       ||    25
       Tailslap          |     6 |    17 |    10 ||    33
       Dagger            |    48 |    85 |       ||   133
       Quarterstaff      |       |    74 |   107 ||   181
 Fire: Hunting sling     |       |    31 |       ||    31
Throw: Stone             |       |     9 |     5 ||    14
 Cast: Shock             |    54 |    83 |    56 ||   193
       Swiftness         |     3 |     3 |     1 ||     7
       Airstrike         |       |    16 |    15 ||    31
 Abil: Breathe Steam     |       |       |    15 ||    15
  Use: Potion            |     4 |     3 |     4 ||    11
       Scroll            |     2 |     2 |     6 ||    10
 Stab: Sleeping          |     1 |       |     2 ||     3
       Distracted        |       |     1 |       ||     1
  Eat: Chunk             |     3 |    12 |    10 ||    25
       Ration            |       |     2 |     1 ||     3
Armor: Skin              |    25 |    35 |    46 ||   106
Dodge: Dodged            |    61 |    92 |    56 ||   209
